 Dungeon Crawl Stone Soup version 0.18-a0-1060-g4fac74f (webtiles) character file.

1344 Duffy the Cleaver (level 8, 46/46 HPs)
             Began as a Gargoyle Fighter on Jan 12, 2016.
             Quit the game in the Ecumenical Temple.
             The game lasted 00:03:28 (4617 turns).

Duffy the Cleaver (Gargoyle Fighter)                Turns: 4617, Time: 00:03:29

Health: 46/46      AC: 11    Str: 23    XL:     8   Next: 62%
Magic:  8/8        EV:  5    Int:  8    God:
Gold:   162        SH:  9    Dex:  9    Spells: 0 memorised, 7 levels left

rFire  . . .     SeeInvis .     a - +0 war axe
rCold  . . .     Gourm    .     o - +0 chain mail
rNeg   + . .     Faith    .     c - +0 shield
rPois  ∞         Spirit   .     (no helmet)
rElec  +         Dismiss  .     (no cloak)
rCorr  .         Reflect  .     (no gloves)
SustAt .         Harm     .     (no boots)
MR     .....                    (no amulet)
Stlth  ..........               x - -3 ring of protection (curse)
                                n - +3 ring of slaying

@: not resistant to hostile enchantments, extremely unstealthy
A: negative energy resistance 1, electricity resistance, unbreathing,
petrification resistance, rot immunity, AC +5
a: no special abilities


You were in the Ecumenical Temple.
You were not hungry.

You visited 2 branches of the dungeon, and saw 8 of its levels.

You collected 272 gold pieces.
You spent 110 gold pieces at shops.


Innate Abilities, Weirdness & Mutations

You are resistant to torment.
Your stone body is resilient (AC +5).
You are immune to poison.
You resist negative energy.
You are resistant to electric shocks.
You can survive without breathing.
You are immune to petrification.
You are immune to rotting.


   Skills:
 - Level 3.2 Fighting
 + Level 9.6 Axes
 - Level 3.2 Armour
 - Level 3.2 Shields


You had 7 spell levels left.
You didn't know any spells.

Inventory:

Hand Weapons
 a - a +0 war axe (weapon)
Armour
 b - a +0 scale mail
 c - a +0 shield (worn)
 o - a +0 chain mail (worn)
 G - a +0 cloak
Jewellery
 n - a +3 ring of slaying (left hand)
 w - the amulet "Wiureaku" {Dismiss rC++ rN++ Stlth-}

   [amulet of dismissal]

   It may teleport away creatures that harm you.
   It greatly protects you from cold.
   It greatly protects you from negative energy.
   It makes you less stealthy.
 x - a cursed -3 ring of protection (right hand)
Wands
 l - a wand of paralysis (9/24)
Scrolls
 h - 5 scrolls of identify
 i - 4 scrolls of teleportation
 j - 2 scrolls of enchant weapon {unknown}
 m - a scroll of enchant armour {unknown}
 r - a scroll of magic mapping {unknown}
 t - a scroll of random uselessness {unknown}
 v - a scroll of fog {unknown}
 y - 2 scrolls of remove curse {unknown}
 z - a scroll of noise {unknown}
 A - a scroll of immolation {unknown}
 C - 2 scrolls of blinking {unknown}
 E - a scroll of summoning {unknown}
Potions
 d - 3 potions of might
 e - 3 potions of degeneration {unknown}
 g - 3 potions of curing {unknown}
 q - 3 potions of brilliance {unknown}
 s - a potion of ambrosia {unknown}
 u - 2 potions of heal wounds
 B - a potion of cure mutation {unknown}
 D - a potion of berserk rage {unknown}
 F - a potion of lignification {unknown}
Comestibles
 f - 3 bread rations
 k - 2 meat rations
 p - a beef jerky

Dungeon Overview and Level Annotations

Branches:
Dungeon (7/15)             Temple (1/1) D:7

Altars:
Ashenzari
Dithmenos
Elyvilon
Makhleb
Nemelex Xobeh
Okawaru
Pakellas
Qazlal
Ru
Sif Muna
Trog
Vehumet
Yredelemnul
The Shining One

Shops:
D:4 %(*   D:6 !


Message History

There is an open door here.
There is a staircase to the Ecumenical Temple here.
You climb downwards.
Welcome to the Ecumenical Temple!
Found four altars.
There is a staircase back to the Dungeon here.
Found a stormy altar of Qazlal.
Found a sacrificial altar of Ru.
Done exploring.
Done exploring.
Done exploring.
Done exploring.
Done exploring.
Done exploring.
Done exploring.
Done exploring.
Done exploring.
Done exploring.
Done exploring.
Done exploring.
Done exploring.
Done exploring.
Done exploring.
Done exploring.
Done exploring.
Done exploring.
Done exploring.
Done exploring.
Done exploring.
Done exploring.
Done exploring.
Done exploring.
Done exploring.
Done exploring.
Done exploring.
Are you sure you want to abandon this character and quit the game? (Confirm with "yes".)

#############
#####...........##
####@................
###....................
###..............8.......
##........._............._
##.........................
##..........................
#........8..................
##.................}...}.....
#............................


There were no monsters in sight!

Action                   |  1- 3 |  4- 6 |  7- 9 || total
-------------------------+-------+-------+-------++-------
Melee: War axe           |    44 |    85 |   134 ||   263
  Eat: Chunk             |       |     2 |     8 ||    10
       Pizza             |       |       |     1 ||     1

Notes
Turn   | Place    | Note
--------------------------------------------------------------
     0 | D:1      | Duffy the Gargoyle Fighter began the quest for the Orb.
     0 | D:1      | Reached XP level 1. HP: 14/14 MP: 1/1
    38 | D:1      | Reached skill level 2 in Axes
   148 | D:3      | Reached XP level 2. HP: 19/19 MP: 2/2
   316 | D:3      | Reached skill level 3 in Axes
   320 | D:3      | Reached XP level 3. HP: 18/23 MP: 3/3
   351 | D:3      | Found a bloodstained altar of Trog.
   471 | D:4      | Reached XP level 4. HP: 7/28 MP: 4/4
   477 | D:4      | Reached skill level 4 in Axes
   825 | D:4      | Reached XP level 5. HP: 32/32 MP: 5/5
   838 | D:4      | Found Yfizususs's Food Emporium.
   892 | D:4      | Found Feixkid's Antique Weapon Shoppe.
   908 | D:4      | Found Joytroq's General Store.
   916 | D:4      | Reached skill level 5 in Axes
   919 | D:4      | Bought a scroll of teleportation for 30 gold pieces
   919 | D:4      | Bought a scroll of identify for 20 gold pieces
   961 | D:4      | Noticed a centaur
   972 | D:4      | Killed a centaur
   972 | D:4      | Reached XP level 6. HP: 20/37 MP: 6/6
  1236 | D:5      | Entered Level 5 of the Dungeon
  1320 | D:5      | Reached skill level 6 in Axes
  1577 | D:5      | Reached XP level 7. HP: 36/41 MP: 7/7
  1797 | D:5      | Found a radiant altar of Vehumet.
  1939 | D:5      | Reached skill level 7 in Axes
  2266 | D:5      | Found a shadowy altar of Dithmenos.
  2317 | D:6      | Got a scorched garnet amulet
  2318 | D:6      | Identified the amulet "Wiureaku" {Dismiss rC++ rN++ Stlth-} (You found it on level 6 of the Dungeon)
  2407 | D:7      | Found a basalt altar of Yredelemnul.
  2674 | D:6      | Found Juotesos's Distillery.
  2680 | D:6      | Bought a potion of heal wounds for 60 gold pieces
  3329 | D:4      | Reached skill level 8 in Axes
  3362 | D:4      | Found a white marble altar of Elyvilon.
  3433 | D:4      | Found a burning altar of Makhleb.
  3520 | D:4      | Reached XP level 8. HP: 42/46 MP: 8/8
  3924 | D:7      | Found an iron altar of Okawaru.
  4253 | D:7      | Reached skill level 9 in Axes
  4453 | D:7      | Found a staircase to the Ecumenical Temple.
  4494 | D:7      | Found an oddly glowing altar of Pakellas.
  4541 | Temple   | Entered the Ecumenical Temple
  4617 | Temple   | Quit the game

Vault maps used:
D:1:      shiori_arrival_oz, minmay_box_of_dots
D:2:      lemuel_crystal_altar, lemuel_round_altar, lemuel_round_altar
D:3:      lemuel_doored_altar
D:4:      corexii_shack_village, makhleb_grotto_becter,
          lemuel_coloured_pillars_altar, serial_shops, shop_statue,
          nicolae_shop_trees, shop, fountainhead
D:5:      kennysheep_mini, lemuel_crystal_altar, first_bread, dk_noncrumbling_4
D:6:      serial_shops, nicolae_shop_trees
D:7:      yredelemnul_altar_generic, okawaru_gym_becter,
          nicolae_overflow_hidden_temple, minmay_temple_entry_enclosed_plants
Temple:   circular_temple_6

Vanquished Creatures
  A black bear
  3 ogres
  A sky beast
  3 centaurs
  A scorpion
  A crimson imp
  3 hounds
  A jelly
  3 orc wizards
  2 orc priests
  5 iguanas
  3 worker ants
  A hound zombie
  5 adders
  A shadow imp
  An ooze
  An adder skeleton
  2 adder zombies
  2 giant geckos
  13 orcs
  A giant cockroach
  2 goblins
  5 hobgoblins
  5 jackals
  A ball python
  A giant newt
  2 jackal skeletons
  4 kobolds
  A quokka skeleton
  A quokka zombie
  A rat
77 creatures vanquished.
